 Dungeon Crawl Stone Soup version 0.30-a0-782-ge64f9170bb (webtiles) character file.

Game seed: 8025400304057461638

94 Bnni the Grave Robber (level 4, -1/33 HPs)
             Began as a Demonspawn Necromancer on Feb 22, 2023.
             Killed from afar by Ijyb (10 damage)
             ... with a puff of flame
             ... on level 3 of the Dungeon.
             The game lasted 00:03:42 (1865 turns).

Bnni the Grave Robber (Demonspawn Necromancer)      Turns: 1865, Time: 00:03:43

Health: -1/33      AC:  5    Str:  9    XL:     4   Next: 38%
Magic:  0/8        EV: 13    Int: 18    God:
Gold:   111        SH:  0    Dex: 13    Spells: 0/8 levels left

rFire   . . .      SeeInvis .    h - +0 spear
rCold   . . .      Faith    .    (no shield)
rNeg    . . .      Spirit   .    k - +0 ring mail
rPois   .          Reflect  .    (no helmet)
rElec   .          Harm     .    (no cloak)
rCorr   .          Rampage  .    (no gloves)
Will    .....                    (no boots)
Stlth   +                        (no amulet)
HPRegen 0.25/turn                (no ring)
MPRegen 0.11/turn                (no ring)

@: no status effects
A: repulsion field 2, powered by pain 1
a: no special abilities


You were on level 3 of the Dungeon.
You visited 1 branch of the dungeon, and saw 3 of its levels.

You collected 111 gold pieces.

Inventory:

Hand Weapons
 c - a +0 dagger
 h - a +0 spear (weapon)
Missiles
 i - 6 poisoned darts
Armour
 a - a +0 robe
 k - a +0 ring mail (worn)
Scrolls
 d - a scroll of immolation {unknown}
 j - a scroll of blinking {unknown}
 m - a scroll of torment {unknown}
 n - a scroll of enchant armour {unknown}
Potions
 b - a potion of magic
 e - a potion of heal wounds {unknown}
 f - 2 potions of curing {unknown}
 g - a potion of lignification {unknown}
 l - a potion of haste {unknown}
 o - a potion of degeneration {unknown}


   Skills:
 + Level 1.7 Fighting
 + Level 0.2 Armour
 - Level 1.7 Dodging
 - Level 1.7 Stealth
 + Level 2.7 Spellcasting
 * Level 5.5 Necromancy


You couldn't memorise any spells.
You knew the following spells:

 Your Spells              Type           Power      Damage    Failure   Level
a - Necrotise             Necr           88%        1d8       4%          1
c - Vampiric Draining     Necr           22%        2d7       14%         3
d - Animate Dead          Necr           22%        N/A       43%         4

Your spell library contained the following spells:

 Spells                   Type           Power      Damage    Failure   Level
 Agony                    Necr           22%        N/A       80%         5


Dungeon Overview and Level Annotations

Branches:
Dungeon (3/15)

Altars:

Shops:
D:3 ?

Annotations:
D:3 Ijyb


Innate Abilities, Weirdness & Mutations

You are surrounded by a moderate repulsion field. (EV +3)
You sometimes gain a little power by taking damage.


Message History

Ijyb hits you with a +4 spectral club.
Casting: Necrotise (safe; 4% risk of failure)
Confirm with . or Enter, or press ? or * to list all spells.
The spell is quite dangerous to miscast (14% risk of failure)!
Continue anyway?
Okay, then.
Casting: Vampiric Draining (quite dangerous; 14% risk of failure)
Confirm with . or Enter, or press ? or * to list all spells.
The spell is quite dangerous to miscast (14% risk of failure)!
Continue anyway?
Okay, then.
Unknown command.
Casting: Vampiric Draining (quite dangerous; 14% risk of failure)
Confirm with . or Enter, or press ? or * to list all spells.
The spell is quite dangerous to miscast (14% risk of failure)!
Continue anyway?
Aiming: Vampiric Draining (quite dangerous; 14% risk of failure)
Press: ? - help, Shift-Dir - straight line, f/p - Ijyb
Aim: Ijyb, wielding a +4 spectral club, wearing a +0 leather armour and carrying a wand of flame (22) (lightly wounded, ally target)
You draw life force from Ijyb.
You feel life coursing into your body. Ijyb hits you with a +4 spectral club.
You closely miss Ijyb.
Ijyb is lightly wounded.
Ijyb zaps a wand.
The puff of flame hits you.
Your quokka skeleton barely misses Ijyb.
You hit Ijyb but do no damage.
Ijyb is lightly wounded.
Ijyb zaps a wand.
The puff of flame hits you!
Your quokka skeleton bites Ijyb.
You are too injured to fight recklessly!
You are too injured to fight recklessly!
You are too injured to fight recklessly!
Aiming: Necrotise (safe; 4% risk of failure)
Press: ? - help, Q - select action, (/) - cycle Shift-Dir - straight line, f/p - Ijyb
Aim: Ijyb, wielding a +4 spectral club, wearing a +0 leather armour and carrying a wand of flame (20) (moderately wounded, ally target, chance to affect: 86%) Ijyb writhes in agony.
Ijyb hits you with a +4 spectral club!
* * * LOW HITPOINT WARNING * * *
Your quokka skeleton closely misses Ijyb.
Press: ? - help, v - describe, . - travel
Here: Ijyb, wielding a +4 spectral club, wearing a +0 leather armour and carrying a wand of flame (20) (moderately wounded, ally target)
The floor.
Ijyb zaps a wand.
The puff of flame hits you!
You die...

># #.# .# #.# #.#
#.######## #........#
########.# #.# #.# #@#
#.# ......gZ.....# +#
........######
.######################
.......∩.............<#
.######################
.# .##


You could see Ijyb (ally target) and a friendly quokka skeleton.

Vanquished Creatures
  An orc priest (D:3)
  An adder (D:3)
  5 dart slugs
  3 orcs (D:3)
  3 endoplasms (D:1)
  A giant cockroach (D:3)
  3 goblins
  4 hobgoblins
  5 kobolds
  4 quokkas
  A ball python (D:1)
  5 bats
  2 frilled lizards
  A rat (D:1)
39 creatures vanquished.

Vanquished Creatures (collateral kills)
  A bat (D:1)
  A kobold (D:1)
2 creatures vanquished.

Vanquished Creatures (others)
  8 plants (D:2)
8 creatures vanquished.

Grand Total: 49 creatures vanquished

Notes
Turn   | Place    | Note
-------+----------+-------------------------------------------
     0 | D:1      | Bnni the Demonspawn Necromancer began the quest for the
                  | Orb.
     0 | D:1      | Reached XP level 1. HP: 13/13 MP: 3/3
   269 | D:1      | Gained mutation: You are surrounded by a mild repulsion
                  | field. (EV +2) [demonic ancestry]
   269 | D:1      | Reached XP level 2. HP: 20/20 MP: 3/5
   647 | D:1      | Reached skill level 1 in Fighting
   973 | D:1      | Reached skill level 5 in Necromancy
   975 | D:1      | Gained mutation: You are surrounded by a moderate repulsion
                  | field. (EV +3) [demonic ancestry]
   975 | D:1      | Reached XP level 3. HP: 25/26 MP: 1/6
  1172 | D:2      | You fall into a shaft and drop 1 floor!
  1214 | D:3      | Found Fosmolir's Magic Scroll Shoppe.
  1472 | D:3      | Gained mutation: You sometimes gain a little power by
                  | taking damage. [demonic ancestry]
  1472 | D:3      | Reached XP level 4. HP: 3/33 MP: 0/7
  1594 | D:3      | Learned a level 3 spell: Vampiric Draining
  1599 | D:3      | Learned a level 4 spell: Animate Dead
  1854 | D:3      | Noticed Ijyb
  1865 | D:3      | Killed from afar by Ijyb

Illustrated notes

Levels and vault maps discovered:
D:1:      dpeg_arrival_simpleton_a, layout_basic, serial_forest,
          infiniplex_forest_clump_double, infiniplex_forest_straight_4,
          infiniplex_forest_straight_1, infiniplex_forest_corner_1,
          infiniplex_forest_lined_2, infiniplex_forest_lined_room_2,
          infiniplex_forest_lined_room_3, infiniplex_forest_lined_room_2,
          chequers_serial_rivers_room_b, corexii_corridor_pit, minmay_quantized
D:2:      layout_basic, serial_bayou_crossing, uniq_terence
D:3:      layout_basic, elyvilon_altar_3, serial_shops, shop,
          grunt_ministairs_4, chequers_garden, uniq_ijyb

Skill      XL: |  1  2 |
---------------+-------+-----
Fighting       | 1 |  1.7
Necromancy     | 5 |  5.5
Armour         | |  0.2
Dodging        | |  1.7
Stealth        | |  1.7
Spellcasting   | |  2.7

Action                     |  1- 3 |  4- 6 || total
---------------------------+-------+-------++-------
  Melee: Mace              |     6 |       ||     6
         Unarmed           |     5 |       ||     5
         Short sword       |    25 |       ||    25
         Spear             |    10 |    20 ||    30
   Cast: Necrotise         |    56 |    11 ||    67
         Vampiric Draining |       |     1 ||     1
   Stab: Distracted        |     2 |       ||     2
         Sleeping          |       |     1 ||     1
 Armour: Robe              |     9 |       ||     9
         Ring mail         |       |     6 ||     6
  Dodge: Dodged            |    43 |    15 ||    58

Table legend: (Time is in decaauts)
 A = Elapsed time spent in this place.
 B = Non-inter-level travel time spent in this place.
 C = Inter-level travel time spent in this place.
 D = Time resting spent in this place.
 E = Time spent auto-exploring this place.
 F = Levels seen in this place.
 G = Mean time per level.
                   A        B        C        D        E       F      G
               +--------+--------+--------+--------+--------+-----+--------+
         Total |   1875 |   1805 |     70 |    160 |   1325 |   3 |  625.0 |
       Dungeon |   1875 |   1805 |     70 |    160 |   1325 |   3 |  625.0 |
               +--------+--------+--------+--------+--------+-----+--------+

Top non-repeatable levels by time:
     D:1: 1132 daAuts
     D:3: 624 daAuts
     D:2: 119 daAuts
